 Dungeon Crawl Stone Soup version 0.29-a0-491-gac2d408 (webtiles) character file.

Game seed: 2109836163348710327

11551 Toastz the Spear-Bearer (level 11, -12/107 HPs)
             Began as a Hill Orc Fighter on May 26, 2022.
             Was a High Priest of Beogh.
             Collided with a stone wall (17 damage)
             ... caused by a wretched star
             ... on level 2 of the Abyss.
             The game lasted 00:39:11 (14528 turns).

Toastz the Spear-Bearer (Hill Orc Fighter)         Turns: 14528, Time: 00:39:11

Health: -12/107    AC: 18    Str: 32    XL:     11   Next: 79%
Magic:  14/14      EV:  8    Int:  8    God:    Beogh [*****.]
Gold:   651        SH:  4    Dex:  2    Spells: 10/10 levels left

rFire   . . .      SeeInvis .   a - +1 trident (freeze)
rCold   . . .      Faith    .   c - +0 buckler
rNeg    . . .      Spirit   .   z - +4 chain mail of Blue Skies {rElec rC- Str+8 Dex-4}
rPois   .          Reflect  .   E - +2 helmet
rElec   +          Harm     .   q - +0 cloak
rCorr   .          Rampage  .   J - +0 pair of gloves
Will    .....                   j - +1 pair of boots
Stlth   ..........              (no amulet)
HPRegen 0.00/turn               f - ring of protection from cold
MPRegen 0.14/turn               (no ring)

@: sick, invisible (expiring)
A: walk on water, [clumsy 2], [deformed body]
a: Renounce Religion, Smiting, Recall Orcish Followers, Give Item to Named
Follower


You were on level 2 of the Abyss.
You worshipped Beogh.
Beogh was extremely pleased with you.
You visited 2 branches of the dungeon, and saw 11 of its levels.
You visited the Abyss 1 time.

You collected 651 gold pieces.

Inventory:

Hand Weapons
 a - a +1 trident of freezing (weapon)
 L - a +1 antimagic spear
 R - a +3 battleaxe
 T - a +3 war axe
Missiles
 b - 2 javelins
 e - 455 stones
 g - 31 poisoned darts
 u - 5 boomerangs (quivered)
 K - 5 throwing nets
Armour
 c - a +0 buckler (worn)
 h - a +0 plate armour
 j - a +1 pair of boots (worn)
 p - the +3 chain mail of Death's Door {Str+3}
   (You found it on level 2 of the Dungeon)

   Str:       It affects your strength (+3).
 q - a +0 cloak (worn)
 z - the +4 chain mail of Blue Skies (worn) {rElec rC- Str+8 Dex-4}
   (You found it on level 8 of the Dungeon)

   Str:       It affects your strength (+8).
   Dex:       It affects your dexterity (-4).
   rC:        It makes you vulnerable to cold.
   rElec:     It insulates you from electricity.
 E - a +2 helmet (worn)
 J - a +0 pair of gloves (worn)
Jewellery
 f - a ring of protection from cold (left hand)
Wands
 t - a wand of iceblast (22)
 F - a wand of flame (25)
Scrolls
 i - 4 scrolls of vulnerability
 l - 3 scrolls of magic mapping
 n - 3 scrolls of torment
 s - a scroll of silence {unknown}
 y - a scroll of enchant weapon {unknown}
 A - a scroll of acquirement {unknown}
 B - 2 scrolls of fog
 C - a scroll of immolation
 M - 2 scrolls of poison
 N - a scroll of brand weapon {unknown}
 S - a scroll of blinking {unknown}
Potions
 d - 3 potions of brilliance {unknown}
 k - 4 potions of curing
 r - 2 potions of invisibility
 v - 2 potions of haste
 w - 3 potions of flight
 x - a potion of degeneration {unknown}
 D - a potion of magic {unknown}
 G - 2 potions of lignification
 H - 2 potions of cancellation {unknown}
 I - 3 potions of might
 O - a potion of mutation {unknown}
 P - a potion of attraction {unknown}
 Q - a potion of ambrosia {unknown}


   Skills:
 + Level 13.0 Fighting
 - Level 3.5(10.7) Axes
 * Level 13.1(13.3) Polearms
 - Level 6.0 Armour
 + Level 3.7 Dodging
 - Level 6.0 Shields
 - Level 5.0 Invocations


You had 10 spell levels left.
You didn't know any spells.
Your spell library contained the following spells:

 Spells                   Type           Power      Damage    Failure   Level
 Apportation              Tloc           0%         N/A       93%         1
 Foxfire                  Conj/Fire      0%         2x1d4     93%         1
 Necrotize                Necr           0%         1d4       93%         1
 Summon Small Mammal      Summ           0%         N/A       93%         1
 Ensorcelled Hibernation  Hex/Ice        0%         N/A       98%         2
 Passwall                 Tmut/Erth      0%         N/A       98%         2
 Static Discharge         Conj/Air       0%         N/A       98%         2
 Sublimation of Blood     Necr           0%         N/A       98%         2
 Wereblood                Tmut           0%         N/A       98%         2
 Conjure Flame            Conj/Fire      0%         6-21      100%        3
 Frozen Ramparts          Ice            0%         1d2       100%        3
 Ignite Poison            Fire/Tmut/Pois 0%         N/A       100%        3
 Inner Flame              Hex/Fire       0%         N/A       100%        3
 Mephitic Cloud           Conj/Pois/Air  0%         N/A       100%        3
 Ozocubu's Armour         Ice            0%         N/A       100%        3
 Stone Arrow              Conj/Erth      0%         3d7       100%        3
 Swiftness                Air            0%         N/A       100%        3
 Vampiric Draining        Necr           0%         2d6       100%        3
 Animate Armour           Summ/Erth      0%         N/A       100%        4
 Dispel Undead            Necr           0%         3d6       100%        4
 Flame Wave               Conj/Fire      0%         2d4       100%        4
 Ice Form                 Ice/Tmut       0%         N/A       100%        4
 Olgreb's Toxic Radiance  Pois           0%         N/A       100%        4
 Sticky Flame             Conj/Fire      0%         2d3       100%        4
 Summon Ice Beast         Ice/Summ       0%         N/A       100%        4
 Summon Lightning Spire   Summ/Air       0%         N/A       100%        4
 Agony                    Necr           0%         N/A       100%        5
 Alistair's Intoxication  Tmut/Pois      0%         N/A       100%        5
 Blade Hands              Tmut           0%         N/A       100%        5
 Freezing Cloud           Conj/Ice/Air   0%         6-21      100%        5
 Eringya's Noxious Bog    Tmut/Pois      0%         N/A       100%        6
 Ozocubu's Refrigeration  Ice            0%         4d5       100%        7
 Storm Form               Tmut/Air       0%         N/A       100%        7
 Summon Hydra             Summ           0%         N/A       100%        7
 Lehudib's Crystal Spear  Conj/Erth      0%         10d2      100%        8
 Maxwell's Capacitive Co  Air            0%         ∞         100%        8


Dungeon Overview and Level Annotations

Branches:
Dungeon (10/15)            Temple (0/1) D:4            Lair (1/6) D:8
    Orc (0/2) D:9

Altars:
Cheibriados
Fedhas
Makhleb
Trog
Vehumet
Wu Jian
Xom
Yredelemnul
Zin

Shops:
D:1 *   D:6 (   D:8 !   D:9 (

Annotations:
Lair:1 Sonja


Innate Abilities, Weirdness & Mutations

You can walk on water.
[You are very clumsy. (Dex -4)]
[Armour fits poorly on your strangely shaped body.]


Message History

The ancient zyme hits you but does no damage.
An iron imp comes into view.
The iron imp shouts!
You hear a hideous shriek!
The iron imp shouts!
An iron imp comes into view.
The iron imp shouts, "Scamper home, thou pribbling beef-witted lewdster!"
The iron imp shouts!
The iron imp barely misses you. The ancient zyme barely misses you.
The ancient zyme closely misses you. The thrashing horror tramples you.
* * * LOW HITPOINT WARNING * * *
You hold your ground!
The thrashing horror tramples you but does no damage.
A wretched star comes into view.
Okay, then.
Okay, then.
The wretched star pulses with an eldritch light!
You feel clumsy. x2
The flying skull gives a hideous shriek!
A large abomination comes into view.
The flying skull gives a hideous shriek!
The wretched star glows turbulently.
The lance of force hits you!
* * * LOW HITPOINT WARNING * * *
Okay, then.
Okay, then.
You flicker for a moment.
The wretched star glows turbulently.
You block the lance of force.
The wretched star pulses with an eldritch light!
Your body twists and deforms.
The wretched star glows turbulently.
The lance of force hits you but does no damage.
Okay, then.
The flying skull gives a hideous shriek!
The flying skull gives a hideous shriek!
The wretched star glows turbulently.
The lance of force hits you!
* * * LOW HITPOINT WARNING * * *
You die...

.≈≈≈≈≈≈≈z≈≈5...###.. .
≈≈≈≈≈≈≈≈.5.#.....#..###
≈≈≈≈≈≈≈≈X.###..####x#
≈≈≈≈≈≈##.## ##.### #.#
≈≈≈.###zx.###X.#.#.#.#
.≈≈≈#.....#...#..###.
≈≈≈....*......## ...
...#.....#.....####
...###@..###..### #.#
##.## ##.# . .. ##.#
### ##


You could see a wretched star, an ancient zyme (can't see you), a thrashing
horror (can't see you), a large abomination (wandering, can't see you), a flying
skull (wandering, can't see you) and an iron imp (can't see you).

Vanquished Creatures
  Pikel (D:6)
  Joseph (D:7)
  Maggie (D:6)
  A komodo dragon (Lair:1)
  A kobold demonologist (D:10)
  A polar bear (Lair:1)
  A raiju (Abyss:2)
  Grinder (D:3)
  A basilisk (D:8)
  11 yaks
  A steam dragon (D:9)
  4 water moccasins
  Pargi (D:4)
  3 sky beasts
  4 orc warriors (D:9)
  3 black bears
  An ice beast (D:5)
  4 wolves
  3 centaurs
  4 ogres
  Blork the orc (D:4)
  3 kobold brigands
  4 bullfrogs
  2 necrophages
  4 gnoll sergeants (D:7)
  A scorpion (D:4)
  8 wights
  6 killer bees
  5 howler monkeys
  3 electric eels (D:7)
  7 hounds
  3 gnoll shamans
  4 orc priests (D:8)
  5 iguanas
  Ijyb (D:3)
  2 orc wizards
  Robin (D:3)
  35 gnolls (D:7)
  5 adders
  A white imp (D:8)
  2 worms (D:2)
  A dart slug (D:2)
  23 orcs
  11 endoplasms
  5 giant cockroaches
  15 goblins
  7 hobgoblins
  4 jackals
  6 quokkas
  7 ball pythons
  7 bats
  3 frilled lizards
  13 kobolds
  6 rats
259 creatures vanquished.

Vanquished Creatures (collateral kills)
  A gargoyle (D:10)
  A smoke demon (Abyss:2)
  A cane toad (Lair:1)
  A flying skull (Abyss:2)
  A shadow (D:10)
  A wraith (D:10)
  A vampire (D:10)
  2 basilisks (D:8)
  5 yaks (D:9)
  2 wyverns
  A steam dragon (D:9)
  2 acid dragons
  A large abomination (Abyss:2)
  A swamp drake (D:8)
  2 orc warriors (D:9)
  2 kobold brigands
  2 bullfrogs
  5 wights
  2 killer bees (D:8)
  2 orc priests (D:9)
  2 orc wizards
  4 orcs
  3 kobolds
45 creatures vanquished.

Vanquished Creatures (others)
  2 orc wizards
  2 dart slugs
  4 orcs
  A fungus (Lair:1)
9 creatures vanquished.

Grand Total: 313 creatures vanquished

Notes
Turn   | Place    | Note
-------+----------+-------------------------------------------
     0 | D:1      | Toastz the Hill Orc Fighter began the quest for the Orb.
     0 | D:1      | Reached XP level 1. HP: 19/19 MP: 1/1
   290 | D:1      | Reached XP level 2. HP: 27/27 MP: 2/2
   330 | D:1      | Found Muuzar's Assorted Antiques.
   420 | D:1      | Found a faded altar of an unknown god.
   959 | D:2      | Reached XP level 3. HP: 33/33 MP: 3/3
  1249 | D:2      | Identified the +3 chain mail of Death's Door {Str+3}
  1267 | D:2      | Reached XP level 4. HP: 29/41 MP: 4/4
  1854 | D:3      | Noticed Grinder
  1868 | D:3      | Killed Grinder
  1869 | D:3      | Reached skill level 5 in Fighting
  1869 | D:3      | Reached XP level 5. HP: 43/48 MP: 5/5
  1869 | D:3      | Reached XP level 6. HP: 50/56 MP: 6/6
  2015 | D:3      | Noticed Ijyb
  2036 | D:3      | Killed Ijyb
  2037 | D:3      | Reached skill level 5 in Armour
  2135 | D:3      | Noticed Robin
  2177 | D:3      | Killed Robin
  2255 | D:3      | Reached skill level 5 in Shields
  2630 | D:4      | Became a worshipper of Beogh the Brigand
  2665 | D:4      | Noticed Blork the orc
  2679 | D:4      | Killed Blork the orc
  2680 | D:4      | Reached skill level 1 in Dodging
  2785 | D:4      | Reached XP level 7. HP: 52/63 MP: 7/7
  2909 | D:4      | Noticed Pargi
  2930 | D:4      | Reached skill level 1 in Polearms
  2944 | D:4      | Killed Pargi
  3582 | D:4      | Found a staircase to the Ecumenical Temple.
  3909 | D:5      | Entered Level 5 of the Dungeon
  4037 | D:5      | Reached XP level 8. HP: 54/73 MP: 8/8
  5450 | D:5      | Reached * piety under Beogh
  5462 | D:5      | Reached skill level 5 in Polearms
  5649 | D:6      | Found Eragoluu's Weapon Boutique.
  5689 | D:6      | Reached XP level 9. HP: 76/83 MP: 9/9
  5929 | D:6      | Noticed Maggie
  5940 | D:6      | Killed Maggie
  6154 | D:6      | Noticed Pikel
  6189 | D:6      | Killed Pikel
  6190 | D:6      | Reached skill level 10 in Fighting
  7629 | D:7      | Reached XP level 10. HP: 94/94 MP: 10/10
  7982 | D:7      | Reached ** piety under Beogh
  8267 | D:7      | Noticed Joseph
  8279 | D:7      | Killed Joseph
  8725 | D:7      | Reached skill level 10 in Polearms
  8736 | D:7      | Reached skill level 1 in Invocations
  9316 | D:8      | Found Nucykun's Distillery.
  9325 | D:8      | Identified the +4 chain mail of Blue Skies {rElec rC- Str+8
                  | Dex-4}
  9378 | D:8      | Found a basalt altar of Yredelemnul.
  9382 | D:8      | Found an ornate altar of the Wu Jian Council.
  9383 | D:8      | Found a glowing silver altar of Zin.
  9627 | D:8      | Reached *** piety under Beogh
 10188 | D:8      | Got the Grimoire of Shifting Contamination
 10411 | D:8      | Reached XP level 11. HP: 96/104 MP: 14/14
 10455 | D:8      | Found a staircase to the Lair.
 10856 | D:9      | Found a snail-covered altar of Cheibriados.
 10857 | D:9      | Found a shimmering altar of Xom.
 11238 | D:9      | Reached skill level 5 in Invocations
 11316 | D:9      | Found Jiutt's Antique Weapon Shoppe.
 11466 | D:9      | Found a staircase to the Orcish Mines.
 11552 | D:9      | Reached **** piety under Beogh
 11980 | D:9      | Gained Herok as an ally
 12336 | D:9      | Found a burning altar of Makhleb.
 12340 | D:9      | Found a bloodstained altar of Trog.
 12342 | D:9      | Found a radiant altar of Vehumet.
 12574 | D:10     | Entered Level 10 of the Dungeon
 13690 | D:10     | Reached ***** piety under Beogh
 13913 | D:10     | Found a blossoming altar of Fedhas.
 14055 | Lair:1   | Entered Level 1 of the Lair of Beasts
 14203 | Lair:1   | Noticed Sonja
 14210 | Lair:1   | Cast into level 2 of the Abyss (Sonja)
 14237 | Abyss:2  | Noticed a rakshasa
 14367 | Abyss:2  | HP: 5/107 [smoke demon/divine providence (11)]
 14505 | Abyss:2  | Noticed a thrashing horror
 14513 | Abyss:2  | Noticed a wretched star
 14528 | Abyss:2  | HP: 5/107 [wretched star/lance of force (7)]
 14528 | Abyss:2  | Collided with a stone wall

Illustrated notes

Levels and vault maps discovered:
D:1:      dpeg_arrival_brainrot, layout_basic, serial_shops, nicolae_shop_stone,
          hellmonk_ecumenical_altar_lost_god
D:2:      layout_loops_cross, serial_park_tiny_1
D:3:      layout_basic, grunt_ministairs_3, uniq_ijyb, uniq_robin, uniq_grinder
D:4:      layout_layer_cave, minmay_temple_entry_glassed_door, uniq_pargi,
          uniq_blork_the_orc
D:5:      layout_basic
D:6:      layout_rooms, serial_shops, nicolae_shop_bloodbath_and_beyond,
          nrook_uturn, uniq_pikel, uniq_maggie
D:7:      layout_cave_pools, serial_gnoll_camp, gnoll_camp_mini_hut,
          gnoll_camp_mini_sergeant, gnoll_camp_mini_loothouse,
          gnoll_camp_huts_moat, gnoll_camp_mini_hut,
          kennysheep_decorative_pillar, uniq_joseph
D:8:      layout_rooms, grunt_temple_overflow_open, erik_lair_dragon,
          serial_shops, shop
D:9:      layout_long_grid, nicolae_overflow_hidden_temple, david_orc_1_choice,
          serial_shops, nicolae_stop_n_shop_1
D:10:     layout_roguey, lemuel_coloured_pillars_altar
Lair:1:   gammafunk_cloud_chamber, layout_loops_ring, uniq_sonja
Abyss:2:  base:
Lair:1

Skill      XL: |  1  2  3  4  5  6  7  8  9 10 11 |
---------------+----------------------------------+-----
Axes           | 3 |  3.5
Fighting       | 4 5 6 7 9 10 11 13 | 13.0
Armour         | 4 5 6 |  6.0
Shields        | 4 5 6 |  6.0
Dodging        | 1 2 3 |  3.7
Polearms       | 3 6 8 11 13 | 13.1
Invocations    | 4 5 |  5.0

Action                   |  1- 3 |  4- 6 |  7- 9 | 10-12 || total
-------------------------+-------+-------+-------+-------++-------
Melee: War axe           |    87 |   122 |       |       ||   209
       Trident           |       |     7 |   466 |   663 ||  1136
Throw: Stone             |       |     3 |     1 |       ||     4
       Boomerang         |       |       |    20 |    12 ||    32
Invok: Convert to Beogh  |       |     1 |       |       ||     1
       Recall Orcish Fol |       |       |       |     6 ||     6
Evoke: Wand              |       |       |     3 |    12 ||    15
  Use: Scroll            |       |     5 |     3 |    11 ||    19
       Potion            |       |     1 |     1 |     5 ||     7
Armor: Scale mail        |    13 |       |       |       ||    13
       Plate armour      |    55 |     4 |       |       ||    59
       Chain mail        |       |    83 |   332 |   354 ||   769
Dodge: Dodged            |    30 |    38 |   164 |   276 ||   508
Block: Buckler           |    19 |    38 |   116 |   123 ||   296

Table legend: (Time is in decaauts)
 A = Elapsed time spent in this place.
 B = Non-inter-level travel time spent in this place.
 C = Inter-level travel time spent in this place.
 D = Time resting spent in this place.
 E = Time spent auto-exploring this place.
 F = Levels seen in this place.
 G = Mean time per level.
                   A        B        C        D        E       F      G
               +--------+--------+--------+--------+--------+-----+--------+
         Total |  14523 |  13942 |    581 |   4235 |   6636 |  12 | 1210.2 |
       Dungeon |  14064 |  13484 |    580 |   4078 |   6629 |  10 | 1406.4 |
          Lair |    146 |    146 |      0 |    113 |      7 |   1 |  146.0 |
         Abyss |    311 |    311 |      0 |     44 |      0 |   1 |  311.0 |
               +--------+--------+--------+--------+--------+-----+--------+

Top non-repeatable levels by time:
     D:6: 2032 daAuts
     D:9: 1962 daAuts
     D:7: 1934 daAuts
     D:8: 1740 daAuts
     D:5: 1440 daAuts
     D:4: 1405 daAuts
    D:10: 948 daAuts
     D:1: 900 daAuts
     D:2: 888 daAuts
     D:3: 811 daAuts
 Abyss:2: 311 daAuts
  Lair:1: 146 daAuts
